 Dungeon Crawl Stone Soup version 0.25.1-9-gc5326a611f (webtiles) character file.

Game seed: 5889258538449433487

22506 AlexTheUnready the Severer (level 12, 0/87 HPs)
             Began as a Deep Dwarf Fighter on Nov 18, 2022.
             Was a High Priest of Makhleb.
             Killed from afar by a wretched star (30 damage)
             ... with a lance of force
             ... on level 1 of the Abyss on Nov 19, 2022.
             The game lasted 00:33:00 (9794 turns).

AlexTheUnready the Severer (Deep Dwarf Fighter)     Turns: 9794, Time: 00:33:00

Health: 0/87       AC: 16    Str: 23    XL:     12   Next: 63%
Magic:  7/7        EV:  5    Int:  9    God:    Makhleb [*****.]
Gold:   1908       SH: 11    Dex: 10    Spells: 11/11 levels left

rFire    + . .     SeeInvis .   S - +4 broad axe (flame)
rCold    . . .     Gourm    .   c - +0 kite shield
rNeg     . . .     Faith    .   M - +0 plate armour
rPois    +         Spirit   .   j - +0 helmet
rElec    .         Reflect  .   (no cloak)
rCorr    .         Harm     .   I - +0 pair of gloves
MR       +....     Rnd*Rage +   (no boots)
Stlth    ..........             F - amulet of the acrobat
HPRegen  0.00/turn              b - ring of protection from fire
MPRegen  0.10/turn              N - ring of poison resistance

@: non-regenerating
A: damage resistance, heal wounds, [berserk 2], clumsy 1, [frail 2], [low mp 2],
sense surroundings 2, weak 1, no regeneration
a: Heal Wounds, Minor Destruction, Lesser Servant of Makhleb, Major Destruction,
Greater Servant of Makhleb, Renounce Religion


You were on level 1 of the Abyss.
You worshipped Makhleb.
Makhleb was extremely pleased with you.
You were not hungry.

You visited 3 branches of the dungeon, and saw 14 of its levels.
You visited the Abyss 1 time.
You also visited: Ice Cave.

You collected 1908 gold pieces.

Inventory:

Hand Weapons
 S - a +4 broad axe of flaming (weapon)
Missiles
 m - 14 poisoned darts
 n - 8 javelins
 x - 9 boomerangs (quivered)
 K - 34 silver javelins
 O - 8 boomerangs of dispersal
Armour
 a - +2 fire dragon scales
 c - a +0 kite shield (worn)
 j - a +0 helmet (worn)
 I - a +0 pair of gloves (worn)
 M - a +0 plate armour (worn)
Jewellery
 b - a ring of protection from fire (left hand)
 F - an amulet of the acrobat (around neck)
 N - a ring of poison resistance (right hand)
Wands
 z - a wand of paralysis (4)
 A - a wand of flame (27)
 G - a wand of polymorph (16)
 J - a wand of clouds (3)
Scrolls
 g - 2 scrolls of magic mapping
 h - 8 scrolls of teleportation
 i - 5 scrolls of enchant armour
 p - a scroll of amnesia
 r - 3 scrolls of enchant weapon
 s - a scroll of brand weapon {unknown}
 v - a scroll of identify
 w - 6 scrolls of remove curse
 B - 3 scrolls of fog {unknown}
 L - a scroll of immolation {unknown}
 Q - a scroll of blinking {unknown}
Potions
 d - 5 potions of might
 e - 4 potions of lignification
 k - 2 potions of berserk rage
 l - 2 potions of cancellation
 o - a potion of mutation
 q - 4 potions of flight
 t - a potion of brilliance
 u - 2 potions of curing
 C - 2 potions of stabbing {unknown}
 D - a potion of invisibility {unknown}
Comestibles
 f - 4 rations
 E - 3 chunks of flesh


   Skills:
 + Level 7.0 Fighting
 * Level 16.2 Axes
 + Level 5.1 Throwing
 + Level 8.7 Armour
 + Level 8.1 Shields
 * Level 7.4 Invocations


You had 11 spell levels left.
You didn't know any spells.
Your spell library was empty.

Dungeon Overview and Level Annotations

Branches:
Dungeon (12/15)            Temple (1/1) D:6            Lair (1/6) D:11
    Orc (0/2) D:12          IceCv (visited)

Altars:
Ashenzari
Cheibriados
Dithmenos
Elyvilon
Fedhas
Gozag
Hepliaklqana
Kikubaaqudgha
Makhleb
Nemelex Xobeh
Okawaru
Qazlal
Ru
Sif Muna
Trog
Uskayaw
Vehumet
Wu Jian
Xom
Yredelemnul
Zin
The Shining One

Shops:
D:3 *   D:6 (   D:11 %

Annotations:
D:3 2 transporters, AlexTheUnready's ghost, amateur OgGl
D:11 2 transporters, Cegeop's ghost, journeyman HOFi
Lair:1 Sonja


Innate Abilities, Weirdness & Mutations

You are resistant to damage.
You can heal yourself by infusing magical energy.
You passively map the area around you.
You do not regenerate.
You are clumsy. (Dex -2)
You are weak. (Str -2)
[You often lose your temper in combat.]
[You are very frail. (-20% HP)]
[Your magical capacity is very low. (-20% MP)]


Message History

The wretched star glows turbulently.
The lance of force hits you!!
You are knocked back by the lance of force.
The wretched star pulses with an eldritch light!
You feel a little pissed off.
You feel angry.
The wretched star glows turbulently.
The lance of force misses you.
The wretched star pulses with an eldritch light!
You feel less energetic. x2; You feel frail. x2
You hit the wretched star but do no damage.
A small abomination comes into view.
The wretched star glows turbulently.
The lance of force hits you.
You are knocked back by the lance of force.
You slam into the crystal wall!
You slash the wretched star! You burn the wretched star.
The wretched star is lightly damaged.
The wretched star glows turbulently.
The lance of force hits you!!
You die...

### .# . .. . .. . #..
.. ........ . #.# #x .
.###. ...... .
..#...## #.#...#... #
#. ...#..## ..# ...# #
#. ##.#...##.##### # #
..#....#.#....###.#
... #....#@#....
.#....#...
#.....*..###.#........
#..####...#.#. #..#
.... .
#........###.##.#.....
. #................###
. #
.............###...###
. ##.#.....###### .# #
# ##.....## .# ##
##...## .#


You could see a wretched star and a small abomination.

Vanquished Creatures
  2 minotaurs (D:11)
  Harold (D:10)
  2 two-headed ogres
  4 death yaks (D:11)
  2 unseen horrors
  An ugly thing (D:11)
  A deep elf mage (D:11)
  4 molten gargoyles (D:9)
  A gargoyle (D:12)
  8 yaktaurs (D:11)
  An ice devil (IceCv)
  A hippogriff (D:10)
  An ettin zombie (Abyss:1)
  A water elemental (D:11)
  A wyvern (D:4)
  11 yaks (D:11)
  A basilisk (Lair:1)
  A neqoxec (Abyss:1)
  3 hungry ghosts
  A soldier ant (D:12)
  2 orc warriors
  2 porcupines
  3 black bears
  4 ice beasts
  3 sky beasts
  A necrophage (D:8)
  5 ogres
  25 wolves (Lair:1)
  A centaur (D:5)
  A big kobold (D:11)
  7 bullfrogs
  3 scorpions
  A water moccasin skeleton (D:10)
  4 wights (D:8)
  9 killer bees
  2 electric eels (D:11)
  4 howler monkeys
  A lava snake (D:7)
  4 crimson imps
  3 quasits
  3 hounds
  A jelly (D:6)
  8 orc priests
  A centaur skeleton (D:9)
  An iguana (D:6)
  12 orc wizards
  10 worker ants
  A hound skeleton (D:8)
  A worker ant zombie (D:5)
  A howler monkey skeleton (D:9)
  13 gnolls
  16 adders
  2 shadow imps
  An adder zombie (D:5)
  2 adder skeletons
  4 worms
  2 dart slugs (D:1)
  4 leopard geckos
  47 orcs
  2 ball pythons
  8 giant cockroaches
  4 goblins
  9 hobgoblins
  16 jackals
  7 quokkas
  6 bats
  4 frilled lizards
  A giant cockroach zombie (D:5)
  10 kobolds
  A quokka zombie (D:5)
  3 rats
  4 fungi (D:11)
  A lurking horror (Abyss:1)
  5 plants (D:11)
344 creatures vanquished.

Vanquished Creatures (collateral kills)
  A gnoll (D:11)
1 creature vanquished.

Vanquished Creatures (others)
  Erica (D:11)
  A yaktaur (D:11)
  An orc (D:11)
  2 fungi (D:11)
  A plant (Lair:1)
6 creatures vanquished.

Grand Total: 351 creatures vanquished

Notes
Turn   | Place    | Note
-------+----------+-------------------------------------------
     0 | D:1      | AlexTheUnready the Deep Dwarf Fighter began the quest for
                  | the Orb.
     0 | D:1      | Reached XP level 1. HP: 20/20 MP: 1/1
   179 | D:1      | Reached XP level 2. HP: 27/27 MP: 2/2
   482 | D:1      | Found a sparkling altar of Nemelex Xobeh.
   642 | D:1      | Reached XP level 3. HP: 33/33 MP: 3/3
   963 | D:2      | Reached skill level 3 in Axes
  1458 | D:2      | Found a shimmering altar of Xom.
  1729 | D:2      | Reached XP level 4. HP: 34/42 MP: 4/4
  2066 | D:3      | Reached skill level 4 in Axes
  2137 | D:3      | Noticed AlexTheUnready's ghost (amateur OgGl)
  2139 | D:3      | Found a transporter.
  2176 | D:3      | Found an opulent altar of Gozag.
  2194 | D:3      | Reached XP level 5. HP: 33/49 MP: 5/5
  2224 | D:3      | Found Gozag's Platinum Reserve.
  2352 | D:3      | Found a transporter.
  2678 | D:3      | Reached skill level 5 in Axes
  2795 | D:4      | Got a polished war axe
  2796 | D:4      | Identified the +4 war axe of the Muttering Genius {venom,
                  | *Contam rPois MR+++ Int-4} (You found it on level 4 of the
                  | Dungeon)
  2815 | D:4      | Noticed a wyvern
  2822 | D:4      | Killed a wyvern
  2822 | D:4      | Reached skill level 1 in Throwing
  2822 | D:4      | Reached XP level 6. HP: 27/56 MP: 6/6
  2937 | D:4      | Reached skill level 6 in Axes
  3189 | D:4      | Reached XP level 7. HP: 50/62 MP: 7/7
  3543 | D:5      | Entered Level 5 of the Dungeon
  3672 | D:5      | Reached skill level 7 in Axes
  3919 | D:5      | Found a radiant altar of Vehumet.
  3958 | D:5      | Reached skill level 8 in Axes
  4033 | D:6      | Found a staircase to the Ecumenical Temple.
  4044 | D:6      | Reached XP level 8. HP: 43/70 MP: 8/8
  4068 | Temple   | Entered the Ecumenical Temple
  4346 | D:6      | Reached skill level 9 in Axes
  4400 | D:6      | Found a burning altar of Makhleb.
  4435 | D:6      | Became a worshipper of Makhleb the Destroyer
  4494 | D:6      | Reached skill level 5 in Armour
  4588 | D:6      | Found Ucrann's Weapon Shoppe.
  4669 | D:6      | Reached skill level 10 in Axes
  4778 | D:6      | Reached skill level 5 in Shields
  4876 | D:7      | Reached * piety under Makhleb
  4915 | D:7      | Found an ancient bone altar of Kikubaaqudgha.
  4917 | D:7      | Found a shattered altar of Ashenzari.
  4918 | D:7      | Found a blossoming altar of Fedhas.
  4919 | D:7      | Found a snail-covered altar of Cheibriados.
  5070 | D:7      | Gained mutation: You passively map the area around you.
                  | [Deep Dwarf growth]
  5070 | D:7      | Reached XP level 9. HP: 53/78 MP: 8/8
  5442 | D:8      | Reached skill level 11 in Axes
  5759 | D:8      | Noticed a two-headed ogre
  5768 | D:8      | HP: 2/79 [two-headed ogre/cursed -1 giant spiked club (23)]
  5784 | D:8      | Killed a two-headed ogre
  5784 | D:8      | Reached ** piety under Makhleb
  5784 | D:8      | Reached skill level 12 in Axes
  6055 | D:8      | Reached XP level 10. HP: 32/87 MP: 8/8
  6229 | D:9      | Noticed a molten gargoyle
  6243 | D:9      | Killed a molten gargoyle
  6248 | D:9      | Noticed a molten gargoyle
  6461 | D:9      | Reached skill level 5 in Fighting
  6764 | D:9      | Killed a molten gargoyle
  6790 | D:9      | Noticed a molten gargoyle
  6791 | D:9      | Noticed a molten gargoyle
  6811 | D:9      | HP: 2/88 [molten gargoyle/bolt of magma (3)]
  6814 | D:9      | Killed a molten gargoyle
  6821 | D:9      | Killed a molten gargoyle
  6821 | D:9      | Reached skill level 13 in Axes
  6961 | D:10     | Entered Level 10 of the Dungeon
  7025 | D:10     | You fall into a shaft and drop 2 floors!
  7052 | D:12     | Noticed a gargoyle
  7070 | D:12     | Killed a gargoyle
  7181 | D:12     | Found a staircase to the Orcish Mines.
  7196 | D:11     | Reached *** piety under Makhleb
  7204 | D:11     | Found Edarakue's Food Emporium.
  7235 | D:11     | Found a transporter.
  7237 | D:11     | Noticed Cegeop's ghost (journeyman HOFi)
  7239 | D:11     | Found a transporter.
  7247 | D:11     | Found a staircase to the Lair.
  7278 | D:11     | Reached skill level 1 in Invocations
  7335 | D:11     | You fall into a shaft and drop 1 floor!
  7390 | D:11     | Found a frozen archway.
  7433 | D:11     | Noticed a deep elf mage
  7437 | D:11     | Reached XP level 11. HP: 89/97 MP: 9/11
  7464 | D:11     | Noticed Erica
  7466 | D:11     | Killed a deep elf mage
  7466 | D:11     | Reached **** piety under Makhleb
  7466 | D:11     | Reached skill level 14 in Axes
  7496 | D:11     | Noticed a death yak
  7498 | D:11     | Noticed a death yak
  7499 | D:11     | Killed Erica
  7595 | D:11     | Killed an unseen horror
  7605 | IceCv    | Entered an ice cave
  7863 | D:11     | Noticed a minotaur
  7886 | D:11     | HP: 3/97 [minotaur/silver javelin (3)]
  7890 | D:11     | Killed a death yak
  7895 | D:11     | Killed a minotaur
  7895 | D:11     | Reached skill level 5 in Invocations
  7903 | D:11     | Noticed a green ugly thing
  8089 | D:10     | Reached skill level 15 in Axes
  8317 | D:10     | Noticed a two-headed ogre
  8336 | D:10     | Killed a two-headed ogre
  8406 | D:10     | Killed an unseen horror
  8482 | D:10     | Reached XP level 12. HP: 102/106 MP: 11/11
  8605 | D:10     | Noticed Harold
  8623 | D:10     | Killed Harold
  8910 | D:11     | Reached skill level 5 in Throwing
  8934 | D:11     | Killed a death yak
  9018 | D:11     | Identified 2 scrolls of acquirement
  9019 | D:11     | Acquired a +4 broad axe of flaming
  9026 | D:11     | Acquired 1130 gold pieces
  9106 | D:11     | Noticed a death yak
  9106 | D:11     | Noticed a minotaur
  9110 | D:11     | Noticed a death yak
  9114 | D:11     | Killed a death yak
  9128 | D:11     | Killed a minotaur
  9128 | D:11     | Killed a death yak
  9618 | Lair:1   | Entered Level 1 of the Lair of Beasts
  9676 | Lair:1   | Reached skill level 16 in Axes
  9683 | Lair:1   | Reached ***** piety under Makhleb
  9688 | Lair:1   | Noticed Sonja
  9735 | Lair:1   | Cast into level 1 of the Abyss (Sonja)
  9771 | Abyss:1  | Gained mutation: You are clumsy. (Dex -2) [a neqoxec]
  9772 | Abyss:1  | Gained mutation: You are weak. (Str -2) [a neqoxec]
  9794 | Abyss:1  | Killed from afar by a wretched star

Illustrated notes

Levels and vault maps discovered:
D:1:      erik_arrival_blinker_ship, layout_loops_corners,
          nemelex_diamond_rough_becter
D:2:      mumra_celtic_spiral_tile, layout_loops_ring, lemuel_doored_altar,
          first_ration, st_stairs_12
D:3:      layout_loops_ring, nicolae_gozag_zags_fifth_avenue,
          gammafunk_ghost_arena
D:4:      layout_basic
D:5:      layout_rooms, lemuel_round_altar, kennysheep_generic_room_11
D:6:      layout_loops_cross, overflow_temple_1_default,
          minmay_temple_entry_large_hall, serial_shops, shop_statue,
          hangedman_decor_points, kennysheep_generic_room_5
D:7:      layout_rooms, minitemple, grunt_ogre_cave, kennysheep_diamond
D:8:      layout_basic
D:9:      layout_roguey, chequers_serial_rivers_room_a, minivault_8
D:10:     layout_irregular_city, uniq_harold
D:11:     fort_yaktaur, layout_cave_pools, due_lair_maze_entry_diamond,
          portal_ice_cave_entry_pillars_1, gammafunk_ghost_hive, serial_shops,
          shop_fountains, uniq_erica
D:12:     layout_basic, orc_0_dummy, lightli_wizard_tower
Temple:   nicolae_temple_great_sept
Lair:1:   layout_loops_ring, chequers_serial_rivers_micro_a,
          grunt_forest_large_clearings, uniq_sonja
Abyss:1:  base:
D:2

Skill      XL: |  1  2  3  4  5  6  7  8  9 10 11 12 |
---------------+-------------------------------------+-----
Axes           | 3 4 5 6 8 10 12 13 15 16 | 16.2
Fighting       | 3 4 5 6 7 |  7.0
Armour         | 4 5 6 7 8 |  8.7
Shields        | 4 5 6 7 8 |  8.1
Throwing       | 1 2 3 4 5 |  5.1
Invocations    | 2 5 7 |  7.4

Action                   |  1- 3 |  4- 6 |  7- 9 | 10-12 || total
-------------------------+-------+-------+-------+-------++-------
Melee: War axe           |   119 |   110 |   269 |   370 ||   868
       Broad axe         |       |       |       |    91 ||    91
Throw: Dart              |       |    24 |    13 |    16 ||    53
       Javelin           |       |     6 |       |    10 ||    16
       Boomerang         |       |       |    37 |    28 ||    65
       Throwing net      |       |       |     2 |     1 ||     3
Invok: Lesser Servant of |       |       |       |     1 ||     1
 Abil: Heal Wounds       |       |     2 |     6 |    17 ||    25
  Use: Scroll            |     5 |     1 |     3 |     9 ||    18
       Potion            |       |       |       |     3 ||     3
 Stab: Held in net/web   |       |       |       |     3 ||     3
  Eat: Chunk             |     3 |     5 |    13 |     7 ||    28
       Ration            |       |       |       |     2 ||     2
Armor: Scale mail        |    55 |       |       |       ||    55
       Chain mail        |     5 |    54 |   127 |     3 ||   189
       Plate armour      |       |       |       |   218 ||   218
Dodge: Dodged            |    38 |    17 |    61 |   132 ||   248
Block: Kite shield       |    60 |    40 |   108 |   264 ||   472
